 Dungeon Sprint DCSS version 0.20.1-1-g8b1a95d (webtiles) character file.

14159 wojtek the Shatterer (level 11, -1/115 HPs)
             Began as a Minotaur Fighter on Dec 31, 2017.
             Was the Champion of Trog.
             Slain by a fire giant
             ... wielding a +1 great sword of flaming
              (32 damage)
             ... in the Dungeon (Sprint I: "Red Sonja").
             The game lasted 00:10:48 (2873 turns).

wojtek the Shatterer (Minotaur Fighter)             Turns: 2873, Time: 00:10:49

Health: -1/115     AC: 14    Str: 24    XL:     11   Next: 85%
Magic:  19/19      EV: 16    Int:  9    God:    Trog [******]
Gold:   194        SH:  5    Dex: 14    Spells: 10/10 levels left

rFire    + . .     SeeInvis +   f - +6 dire flail (holy)
rCold    + + +     Gourm    .   (shield currently unavailable)
rNeg     . . .     Faith    .   b - +0 scale mail
rPois    .         Spirit   .   (helmet restricted)
rElec    .         Reflect  +   t - +2 cloak "Riraoxti" {*Contam +Blink MP+9 Int+8}
rCorr    .         Harm     .   (no gloves)
MR       .....     NoTele   +   (no boots)
Stlth    ..........             e - amulet of Vicaucomp {Reflect rF+ rC+++ Int-4 Dex+4 SH+5}
Regen    0.3/turn               u - ring of see invisible
MPRegen  0.2/turn               (no ring)

@: no status effects
A: retaliatory headbutt, horns 2
a: Berserk, Trog's Hand, Brothers in Arms, Burn Spellbooks, Renounce Religion,
Evoke Blink


You were in the Dungeon.
You worshipped Trog.
Trog was exalted by your worship.
You were hungry.

You visited 1 branch You collected 1351 gold pieces.
You spent 1157 gold pieces at shops.

Inventory:

Hand Weapons
 a - a +0 flail
 f - a +6 dire flail of holy wrath (weapon)
 x - a +3 morningstar of draining
Armour
 b - a +0 scale mail (worn)
 c - a +0 shield
 m - a +1 leather armour of cold resistance
 t - the +2 cloak "Riraoxti" (worn) {*Contam +Blink MP+9 Int+8}
   (You found it in the Dungeon)

   It affects your intelligence (+8).
   It affects your magic capacity (+9).
   It lets you blink.
   It causes magical contamination when unequipped.
Jewellery
 e - the amulet of Vicaucomp (around neck) {Reflect rF+ rC+++ Int-4 Dex+4 SH+5}
   (You bought it in a shop in the Dungeon)

   [amulet of reflection]

   It shields you and reflects attacks.
   It affects your intelligence (-4).
   It affects your dexterity (+4).
   It protects you from fire.
   It renders you almost immune to cold.
   It affects your SH (+5).
 u - a ring of see invisible (left hand)
Wands
 l - a wand of random effects (25/48)
 s - a wand of flame (12/48)
Scrolls
 k - a scroll of blinking
 n - a scroll of identify {unknown}
 p - a scroll of summoning {unknown}
 q - a scroll of remove curse {unknown}
 r - a scroll of fog {unknown}
 w - a scroll of magic mapping {unknown}
Potions
 d - a potion of might
 h - a potion of haste
 i - 2 potions of magic
 j - a potion of berserk rage
Books
 o - a book of Power

   Spells                             Type                      Level
   a - Iskenderun's Battlesphere      Conjuration/Charms           5
   b - Venom Bolt                     Conjuration/Poison           5
   c - Bolt of Magma                  Conjuration/Fire/Earth       5
   d - Iron Shot                      Conjuration/Earth            6
   e - Orb of Destruction             Conjuration                  7
   f - Spellforged Servitor           Conjuration/Summoning        7
   Trog disapproves of the use of such an item.
Comestibles
 v - a meat ration


   Skills:
 + Level 16.5 Fighting
 * Level 21.8 Maces & Flails
 + Level 16.6 Armour
 + Level 10.0 Dodging
 - Level 6.0 Shields


You had 10 spell levels left.
You didn't know any spells.

Dungeon Overview and Level Annotations

Branches:
Dungeon (1/1)

Altars:
Cheibriados
Dithmenos
Elyvilon
Fedhas
Gozag
Hepliaklqana
Kikubaaqudgha
Makhleb
Nemelex Xobeh
Okawaru
Qazlal
Ru
Sif Muna
Trog
Uskayaw
Vehumet
Xom
Yredelemnul
Zin
The Shining One
Jiyva
Lugonu

Shops:
D :}(=((!=!*((([[*


Innate Abilities, Weirdness & Mutations

You reflexively headbutt those who attack you in melee.
You have a pair of horns on your head.


Message History

You headbutt the fire giant, but do no damage.
The fire giant is almost dead.
The fire giant completely misses you.
You hit the fire giant.
You kill the fire giant!
Trog accepts your kill.
Trog appreciates your killing of a magic user.
Your Dodging skill increases to level 10!
You see here a great sword of flaming.
You close the door.
You see here a great sword of flaming.
You see here a great sword of flaming.
You start resting.
Something unseen opens the door.
The daeva shouts!
A fire giant comes into view.
It is wielding a great sword of flaming.
You feel much better.
The fire giant shouts!
The fire giant hits you with a great sword of flaming!!
You die...

..'..#)#
##§§§######
###..'.#
###'# ((##
.##+####
#.##$$$# .#
#.§###$# §#
##.#A#$#
'###
#..###$#
.'.#
#.##..$#
##.#
#..#+###
##.# ##.@.#
##.# ###C#
##.# #)#
.§.# #.#
##§# ####'#
§#§# #....#
#'§#
#...####
#### ..C.#
# ###


You could see a fire giant.

Vanquished Creatures
  2 fire giants (D)
  2 centaur warriors (D)
  A deep troll (D)
  3 unseen horrors (D)
  A lindwurm (D)
  An oklob plant (D)
  4 demonic crawlers (D)
  2 kobold demonologists (D)
  A hornet (D)
  A slime creature (D)
  Sigmund (D)
  A yak (D)
  2 redbacks (D)
  13 hogs (D)
  3 floating eyes (D)
  7 necrophages (D)
  An ogre (D)
  8 jellies (D)
  Ijyb (D)
55 creatures vanquished.

Vanquished Creatures (collateral kills)
  A hydra (D)
  4 unseen horrors (D)
5 creatures vanquished.

Vanquished Creatures (others)
  A gargoyle (D)
1 creature vanquished.

Grand Total: 61 creatures vanquished

Notes
Turn   | Place    | Note
-------+----------+-------------------------------------------
     0 | D        | wojtek the Minotaur Fighter began the quest for the Orb.
     0 | D        | Reached XP level 1. HP: 19/19 MP: 0/0
     1 | D        | Noticed Ijyb
     9 | D        | Killed Ijyb
     9 | D        | Reached skill level 5 in Fighting
     9 | D        | Reached skill level 5 in Maces & Flails
     9 | D        | Reached XP level 2. HP: 25/29 MP: 1/1
    50 | D        | Noticed an ogre
    55 | D        | HP: 1/29 [ogre/giant club (22)]
    56 | D        | Killed an ogre
    56 | D        | Reached skill level 8 in Maces & Flails
    56 | D        | Reached XP level 3. HP: 2/38 MP: 2/2
    56 | D        | Reached XP level 4. HP: 2/45 MP: 3/3
   340 | D        | Noticed Sigmund
   355 | D        | Killed Sigmund
   355 | D        | Reached skill level 10 in Maces & Flails
   355 | D        | Reached XP level 5. HP: 47/53 MP: 4/4
   375 | D        | Killed a gargoyle
   385 | D        | Found a burning altar of Makhleb.
   385 | D        | Found a viscous altar of Jiyva.
   385 | D        | Found a shimmering altar of Xom.
   385 | D        | Found a corrupted altar of Lugonu.
   385 | D        | Noticed a slime creature
   391 | D        | Killed a slime creature
   391 | D        | Reached skill level 12 in Maces & Flails
   391 | D        | Reached XP level 6. HP: 56/64 MP: 5/5
   428 | D        | Found a deep blue altar of Sif Muna.
   430 | D        | Found a radiant altar of Vehumet.
   460 | D        | Found Riymauw's Book Emporium.
   460 | D        | Found an ancient bone altar of Kikubaaqudgha.
   460 | D        | Found a hazy altar of Hepliaklqana.
   460 | D        | Found a stormy altar of Qazlal.
   460 | D        | Found a hide-covered altar of Uskayaw.
   460 | D        | Found a blossoming altar of Fedhas.
   460 | D        | Found a bloodstained altar of Trog.
   460 | D        | Found an iron altar of Okawaru.
   460 | D        | Found a basalt altar of Yredelemnul.
   460 | D        | Found a glowing golden altar of the Shining One.
   460 | D        | Found a snail-covered altar of Cheibriados.
   460 | D        | Found a sacrificial altar of Ru.
   460 | D        | Found a glowing silver altar of Zin.
   460 | D        | Found a shadowy altar of Dithmenos.
   460 | D        | Found a white marble altar of Elyvilon.
   460 | D        | Noticed a yak
   470 | D        | Killed a yak
   470 | D        | Reached skill level 10 in Fighting
   470 | D        | Reached skill level 13 in Maces & Flails
   470 | D        | Reached skill level 10 in Armour
   470 | D        | Reached XP level 7. HP: 47/72 MP: 6/6
   471 | D        | Found an opulent altar of Gozag.
   474 | D        | Found a sparkling altar of Nemelex Xobeh.
   479 | D        | Became a worshipper of Trog the Wrathful
   586 | D        | Noticed a kobold demonologist
   587 | D        | Noticed a kobold demonologist
   588 | D        | Paralysed by a floating eye for 4 turns
   595 | D        | Noticed a soul eater
   601 | D        | Killed a kobold demonologist
   601 | D        | Reached * piety under Trog
   601 | D        | Reached skill level 14 in Maces & Flails
   604 | D        | Noticed a hellwing
   606 | D        | Killed a kobold demonologist
   606 | D        | Reached XP level 8. HP: 34/82 MP: 7/7
   816 | D        | Noticed a centaur warrior
   828 | D        | Noticed a centaur warrior
   836 | D        | Killed a centaur warrior
   836 | D        | Reached ** piety under Trog
   836 | D        | Reached skill level 16 in Maces & Flails
   849 | D        | Killed a centaur warrior
   849 | D        | Reached skill level 17 in Maces & Flails
   849 | D        | Reached XP level 9. HP: 37/93 MP: 8/8
  1111 | D        | Noticed a deep troll
  1113 | D        | Reached *** piety under Trog
  1117 | D        | Killed a deep troll
  1221 | D        | Found Atou's Armour Emporium.
  1309 | D        | Noticed an oklob plant
  1319 | D        | Killed an oklob plant
  1319 | D        | Reached skill level 18 in Maces & Flails
  1319 | D        | Reached skill level 1 in Dodging
  1520 | D        | Reached **** piety under Trog
  1745 | D        | Reached XP level 10. HP: 72/102 MP: 9/9
  2003 | D        | Paralysed by a floating eye for 3 turns
  2007 | D        | Reached skill level 5 in Shields
  2015 | D        | Reached ***** piety under Trog
  2056 | D        | Received a gift from Trog
  2088 | D        | Got a jewelled cloak
  2094 | D        | Identified the +2 cloak "Riraoxti" {*Contam +Blink MP+9 Int+8} (You found it in the Dungeon)
  2096 | D        | Found Kaigasamp's Weapon Shoppe.
  2096 | D        | Found Haluoh's Gadget Shop.
  2096 | D        | Found Nuhef's Jewellery Boutique.
  2098 | D        | Found Xysox's Antique Weapon Emporium.
  2098 | D        | Found Xyfih's Antique Weapon Shop.
  2098 | D        | Found Faliol's Distillery.
  2098 | D        | Found Boam's Jewellery Boutique.
  2098 | D        | Found Letunu's Distillery.
  2098 | D        | Found Neablorr's General Store.
  2098 | D        | Found Jyown's Antique Weapon Shoppe.
  2102 | D        | Found Liyc Buo's Antique Weapon Boutique.
  2103 | D        | Found Qucvore's Antique Armour Emporium.
  2103 | D        | Found Keoqoz's Weapon Boutique.
  2104 | D        | Found Nealyh's General Store.
  2124 | D        | Bought the amulet of Vicaucomp {Reflect rF+ rC+++ Int-4 Dex+4 SH+5} for 992 gold pieces
  2125 | D        | Bought an uncursed ring of see invisible for 165 gold pieces
  2175 | D        | Noticed an unseen horror
  2183 | D        | Killed an unseen horror
  2183 | D        | Reached skill level 19 in Maces & Flails
  2187 | D        | Noticed an unseen horror
  2199 | D        | Killed an unseen horror
  2199 | D        | Reached skill level 5 in Dodging
  2250 | D        | Reached ****** piety under Trog
  2253 | D        | Received a gift from Trog
  2360 | D        | Noticed a lindwurm
  2366 | D        | Killed a lindwurm
  2366 | D        | Reached skill level 15 in Fighting
  2366 | D        | Reached skill level 15 in Armour
  2389 | D        | Reached skill level 20 in Maces & Flails
  2389 | D        | Reached XP level 11. HP: 99/112 MP: 10/10
  2394 | D        | Received a gift from Trog
  2432 | D        | Received a gift from Trog
  2565 | D        | Noticed a 12-headed hydra
  2566 | D        | Killed a 12-headed hydra
  2567 | D        | Paralysed by a floating eye for 4 turns
  2585 | D        | Noticed a daeva
  2589 | D        | Noticed an unseen horror
  2589 | D        | Noticed an unseen horror
  2589 | D        | Noticed an unseen horror
  2589 | D        | Noticed an unseen horror
  2592 | D        | Killed an unseen horror
  2594 | D        | Killed an unseen horror
  2596 | D        | Killed an unseen horror
  2596 | D        | Reached skill level 21 in Maces & Flails
  2598 | D        | Killed an unseen horror
  2741 | D        | Noticed an unseen horror
  2743 | D        | Killed an unseen horror
  2743 | D        | Received a gift from Trog
  2825 | D        | Noticed a fire giant
  2840 | D        | Noticed a fire giant
  2843 | D        | Killed a fire giant
  2853 | D        | Killed a fire giant
  2853 | D        | Reached skill level 10 in Dodging
  2872 | D        | Noticed a fire giant
  2873 | D        | Slain by a fire giant

Skill      XL: |  1  2  3  4  5  6  7  8  9 10 11 |
---------------+----------------------------------+-----
Fighting       | 5 6 8 9 10 11 13 15 16 | 16.5
Maces & Flails | 5 8 10 12 13 14 17 18 20 21 | 21.8
Armour         | 4 6 8 9 10 11 13 15 16 | 16.6
Dodging        | 2 7 10 | 10.0
Shields        | 4 6 |  6.0

Action                   |  1- 3 |  4- 6 |  7- 9 | 10-12 || total
-------------------------+-------+-------+-------+-------++-------
Melee: Flail             |    12 |    26 |    55 |    35 ||   128
       Headbutt          |     1 |     6 |    14 |    38 ||    59
       Dire flail        |       |       |       |    91 ||    91
Invok: Burn Spellbooks   |       |       |     1 |       ||     1
       Brothers in Arms  |       |       |       |     2 ||     2
Evoke: Wand              |       |       |     1 |       ||     1
  Use: Potion            |       |       |       |     2 ||     2
  Eat: Chunk             |       |       |     1 |     1 ||     2
       Bread ration      |       |       |       |     1 ||     1
Armor: Scale mail        |     1 |     7 |    24 |    37 ||    69
Dodge: Dodged            |     5 |     4 |    10 |    49 ||    68
Block: Shield            |     4 |     3 |    16 |     8 ||    31
       Other             |       |       |       |    17 ||    17
